AoeStats
← Tebi

Arena

513477884Analyzed
1v1 RM · 6d ago on Oct 13, 2026· 37m 26s· 2 players
Game mode
Random Map
Map size
Tiny (2 player)
Population
200
Speed
Normal
Resources
Standard
Victory
Conquest
Starting age
Dark Age
Ending age
Imperial Age
RankedLock teamsTeams togetherTeam positionsShared explorationLock speedFull tech treeHidden civsTurbo modeCheats
Victory
Defeat
🇨🇱 Byzantines · Chile
793
+16
vs
🇦🇷 Bohemians · Argentina
789
-16
Tebi
11:09 Feudal Age
11:52 Double-Bit Axe
16:08 Castle Age
22:42 Horse Collar
26:23 Wheelbarrow
30:47 Imperial Age
29:00 Murder Holes
30:45 Chemistry
29:51 Pikeman
30:32 Squires
33:24 Hand Cart
34:05 Halberdier
36:01 Fletching
36:11 Padded Archer Armor
36:21 Forging
36:11 Scale Mail Armor
36:58 Elite Skirmisher
manu.mg.contacto
7:44 Loom
10:06 Feudal Age
11:23 Wheelbarrow
10:36 Double-Bit Axe
13:13 Horse Collar
17:50 Castle Age
16:31 Gold Mining
21:58 Heavy Plow
22:31 Bow Saw
23:18 Stone Mining
28:59 Imperial Age
27:27 Ballistics
27:53 Fletching
28:28 Elite Skirmisher
28:46 Pikeman
30:53 Chemistry
32:55 Bodkin Arrow
33:00 Padded Archer Armor
32:53 Halberdier
33:35 Squires
34:16 Scale Mail Armor
Connection lost

Rejoining the realm…

Still unreachable

The connection could not be restored.

Session expired

The server has moved on; the page needs a fresh start.